 Dungeon Crawl Stone Soup version 0.28.0-53-g5a82cb258f (webtiles) character file.

Game seed: 18152830264143692989

94 Woods the Firebug (level 4, -4/24 HPs)
             Began as a Deep Elf Fire Elementalist on June 10, 2022.
             Slain by Terence
             ... wielding a +0 flail
              (13 damage)
             ... on level 2 of the Dungeon.
             The game lasted 00:06:15 (2600 turns).

Woods the Firebug (Deep Elf Fire Elementalist)      Turns: 2600, Time: 00:06:15

Health: -4/24      AC:  2    Str:  5    XL:     4   Next: 38%
Magic:  2/11       EV: 13    Int: 22    God:
Gold:   73         SH:  5    Dex: 15    Spells: 1/10 levels left

rFire   . . .      SeeInvis .   (no weapon)
rCold   . . .      Faith    .   (no shield)
rNeg    . . .      Spirit   .   a - +0 robe
rPois   .          Reflect  +   (no helmet)
rElec   .          Harm     .   (no cloak)
rCorr   .          Rampage  .   (no gloves)
Will    .....                   (no boots)
Stlth   ++........              k - amulet of reflection
HPRegen 0.08/turn               (no ring)
MPRegen 0.12/turn               (no ring)

@: no status effects
A: no striking features
a: no special abilities


You were on level 2 of the Dungeon.
You visited 1 branch of the dungeon, and saw 4 of its levels.

You collected 73 gold pieces.

Inventory:

Armour
 a - a +0 robe (worn)
Magical Staves
 l - a staff of conjuration
Jewellery
 g - a ring of willpower
 k - an amulet of reflection (around neck)
Wands
 i - a wand of polymorph (3)
Scrolls
 b - a scroll of enchant armour {unknown}
 c - 3 scrolls of magic mapping {unknown}
 h - a scroll of fog {unknown}
 j - a scroll of noise {unknown}
Potions
 d - a potion of degeneration {unknown}
 e - a potion of cancellation {unknown}
 f - a potion of flight {unknown}


   Skills:
 + Level 3.2 Dodging
 + Level 3.5 Stealth
 + Level 3.8 Spellcasting
 + Level 2.2 Conjurations
 + Level 3.9 Fire Magic


You had one spell level left.
You knew the following spells:

 Your Spells              Type           Power      Damage    Failure   Level
a - Foxfire               Conj/Fire      68%        2x1d7     3%          1
b - Scorch                Fire           42%        2d7       3%          2
c - Conjure Flame         Conj/Fire      17%        6-21      10%         3
d - Inner Flame           Hex/Fire       12%        N/A       16%         3

Your spell library contained the following spells:

 Spells                   Type           Power      Damage    Failure   Level
 Flame Wave               Conj/Fire      17%        2d6       32%         4
 Summon Ice Beast         Ice/Summ       4%         N/A       75%         4
 Summon Mana Viper        Hex/Summ       4%         N/A       97%         5
 Monstrous Menagerie      Summ           2%         N/A       100%        7


Dungeon Overview and Level Annotations

Branches:
Dungeon (4/15)
 Temple: D:4-7

Altars:

Annotations:
D:2 Terence
D:4 Menkaure


Message History

Casting: Foxfire (safe; 3% risk of failure)
Confirm with . or Enter, or press ? or * to list all spells.
You don't have enough magic to cast this spell.
Really attack while wielding nothing? [Y]es or [N]o only, please.
Really attack while wielding nothing? [Y]es or [N]o only, please.
Really attack while wielding nothing?
You closely miss Terence.
Terence is severely wounded.
Terence hits you with a +0 flail.
You hit Terence but do no damage.
Terence is severely wounded.
Terence barely misses you.
You hit Terence but do no damage.
Terence is severely wounded.
You block Terence's attack.
You hit Terence but do no damage.
Terence is severely wounded.
Terence misses you.
You hit Terence but do no damage.
Terence is severely wounded.
Terence barely misses you.
You barely miss Terence.
Terence is severely wounded.
Terence closely misses you.
You hit Terence.
Terence is almost dead.
You block Terence's attack.
You hit Terence but do no damage.
Terence is almost dead.
Terence hits you with a +0 flail.
You closely miss Terence.
Terence is almost dead.
Terence hits you with a +0 flail.
You hit Terence but do no damage.
Terence is almost dead.
Terence hits you with a +0 flail!
Ouch! That really hurt!
You die...

..'.........#......#
..#.........#......##
..#.........#.......#
..#.........#.......#
###.........##......#
###..####.##......#
##.# .##......# #.#
.##..@...#### #.#
#..@........ #..
#........... ##.
#............ .
#............
#............
#............
####........ .......


You could see Terence.

Vanquished Creatures
  Jessica (D:2)
  3 adders (D:2)
  8 ball pythons
  2 bats
  5 endoplasms
  4 giant cockroaches
  5 hobgoblins
  4 kobolds
  A quokka (D:2)
  2 frilled lizards
  4 rats
39 creatures vanquished.

Vanquished Creatures (collateral kills)
  A foxfire (D:3)
1 creature vanquished.

Vanquished Creatures (others)
  96 foxfires
96 creatures vanquished.

Grand Total: 136 creatures vanquished

Notes
Turn   | Place    | Note
-------+----------+-------------------------------------------
     0 | D:1      | Woods the Deep Elf Fire Elementalist began the quest for
                  | the Orb.
     0 | D:1      | Reached XP level 1. HP: 10/10 MP: 6/6
   171 | D:1      | Found a faded altar of an unknown god.
   222 | D:1      | Reached XP level 2. HP: 15/15 MP: 4/8
   353 | D:1      | Learned a level 2 spell: Scorch
   848 | D:2      | You fall into a shaft and drop 2 floors!
   873 | D:4      | Noticed Menkaure
  1448 | D:3      | Reached XP level 3. HP: 19/19 MP: 4/9
  1859 | D:2      | Learned a level 3 spell: Conjure Flame
  1863 | D:2      | Learned a level 3 spell: Inner Flame
  2101 | D:2      | Noticed Jessica
  2139 | D:2      | Killed Jessica
  2140 | D:2      | Reached XP level 4. HP: 24/24 MP: 4/11
  2377 | D:2      | Noticed Terence
  2600 | D:2      | Slain by Terence

Illustrated notes

Levels and vault maps discovered:
D:1:      minmay_arrival_doors, layout_rooms, hellmonk_ecumenical_altar_zigzags
D:2:      layout_basic, serial_shops, nicolae_shop_waterfront, uniq_terence,
          uniq_jessica
D:3:      layout_basic, minmay_hedge_maze
D:4:      layout_basic, uniq_eustachio, uniq_menkaure

Skill      XL: |  1  2  3 |
---------------+----------+-----
Stealth        | 3 |  3.5
Dodging        | 3 |  3.2
Conjurations   | 2 |  2.2
Spellcasting   | |  3.8
Fire Magic     | |  3.9

Action                   |  1- 3 |  4- 6 || total
-------------------------+-------+-------++-------
Melee: Unarmed           |    42 |    10 ||    52
       Punch             |     2 |       ||     2
 Cast: Foxfire           |    48 |     9 ||    57
       Scorch            |    19 |     9 ||    28
       Conjure Flame     |       |     1 ||     1
Armor: Robe              |     4 |       ||     4
Dodge: Dodged            |    15 |     6 ||    21
Block: Other             |       |     3 ||     3
